daggerhack, chaotic female elven Rogue --------------------------------------- |...|.......).......|...|.|`)...|^....| |.|.|.-----------.|.|.|.|.|.|.--|.---.| |.|.|.| |.|.|.|.|.|.|.| |.| |.| |.|.|.-----------.|.|.|.|.|.|`--..|--.| |.|.|....`|...|...|...|...|.|..^..|^%.| |.|.|----.|.|.|.------|.--|.|-----|%|.| |%|>| |.|.|.|%| |.| |.| |.|.| |.|.----|.|.|.|.-------.|--.|-----|.|.| |.|.....|.|.|.|...|.....|..*|..<.^|O|.| |.|-----|.|.|.|--.|-----|.-------.|.|-- |.| |.|.|.| |.| |.| |.|g| .| |.-------.|.|.--|.-------.-------.|.---.| |......^.`..|..................O..H@....| ----------------------------------------- daggerhack the Pilferer Experience level: 13 Strength: 18 Dexterity: 18 Constitution: 16 Intelligence: 9 Wisdom: 11 Charisma: 12 Health: 0(93) Energy: 52(71) Def: 21 Gold: 691 Moves: 26646 Dungeon seed: 6lqZ6ac6gs8KfRaw Game ID: daggerhack_1443103438 Your Inventory: Coins $ - 691 gold pieces Amulets U - an uncursed amulet of reflection (being worn) Weapons e - 13 uncursed +3 elven daggers p - the uncursed rustproof +4 Stormbringer (weapon in hand) Armor c - an uncursed +0 pair of leather gloves (being worn) d - a blessed +0 dwarvish mithril-coat (being worn) n - an uncursed +0 dwarvish iron helm (being worn) q - an uncursed rotted +1 cloak of displacement (being worn) Y - an uncursed +2 pair of speed boots (being worn) Comestibles A - an uncursed sprig of wolfsbane Potions I - a cursed potion of sickness J - an uncursed potion of sleeping Wands b - an uncursed thoroughly rusty wand of sleep (0:5) t - an uncursed thoroughly rusty wand of teleportation (0:7) F - an uncursed thoroughly rusty wand of fire (0:5) X - an uncursed wand of digging (0:7) Tools a - an uncursed +0 unicorn horn f - an uncursed magic lamp (lit) k - an uncursed skeleton key u - an uncursed +0 pick-axe B - a blessed greased bag of holding K - an uncursed tin whistle P - an uncursed towel Gems r - an uncursed worthless piece of blue glass y - an uncursed emerald z - 2 uncursed worthless pieces of orange glass C - a blessed luckstone Contents of the bag of holding: 602 gold pieces the uncursed +2 Sting a blessed +1 elven dagger 2 uncursed carrots an uncursed clove of garlic 6 uncursed food rations 9 uncursed fortune cookies 3 uncursed lizard corpses 2 uncursed sprigs of wolfsbane 2 blessed scrolls of identify a blessed scroll of remove curse 6 blessed scrolls of teleportation an uncursed scroll of teleportation an uncursed potion of blindness an uncursed potion of extra healing a cursed potion of gain level 3 potions of holy water a blessed potion of levitation an uncursed potion of see invisible an uncursed ring of levitation an uncursed ring of teleportation an uncursed wand of cold (0:5) an uncursed wand of cold (0:1) an uncursed wand of digging (0:7) an uncursed wand of digging (0:5) an uncursed wand of digging (0:3) an uncursed wand of lightning (0:5) a blessed wand of sleep (0:4) an uncursed can of grease (0:20) an uncursed magic whistle an uncursed sack an uncursed stethoscope 3 uncursed worthless pieces of black glass an uncursed worthless piece of violet glass an uncursed worthless piece of white glass an uncursed worthless piece of yellow glass an uncursed worthless piece of yellowish brown glass Spells and supernatural/magical abilities: Name Level Category Fail Memory W - pray for help -- divine ? -- Your skills at the end: Fighting Skills Weapon Skills dagger [Expert] short sword [Basic] broadsword [Basic] Spellcasting Skills Final Attributes: You were piously aligned. You were fire resistant. You were cold resistant. You were sleep resistant. You were poison resistant. You were level-drain resistant. You saw invisible. You were telepathic. You had automatic searching. You had infravision. You were displaced. You were stealthy. You were protected. You were very fast. You had reflection. You were lucky. You had extra luck. Good luck did not time out for you. You are dead. Vanquished creatures: a mammoth Medusa an iron golem a titan a silver dragon 3 minotaurs an Angel 4 stone golems a master mind flayer a titanothere a guardian naga 2 vampire lords a clay golem 2 Aleaxes an ettin 4 vampires 6 ghosts a lieutenant a queen bee 4 giant mimics 2 fire giants an umber hulk a flesh golem a doppelganger a large mimic a wumpus a stalker a fire elemental a water elemental a giant mummy 2 black nagas 2 xorns a giant zombie 4 sergeants a barbed devil 2 vrocks a warg a winter wolf 3 small mimics an island nymph 5 warhorses 5 xans an ettin mummy 2 quantum mechanics 2 trolls a wood golem a gelatinous cube a pyrolisk a large dog 3 freezing spheres 4 shocking spheres 2 tigers 2 gargoyles 3 tengu a leocrotta an energy vortex a mountain centaur 2 giants an elf mummy a human mummy 2 pit vipers 2 cobras 2 wraiths 4 ettin zombies a leather golem 7 soldiers 2 horned devils 2 incubi 3 chameleons a crocodile 5 giant beetles 4 quivering blobs 2 cockatrices 5 wolves 4 winter wolf cubs a lynx 2 panthers 14 gremlins 26 leprechauns an orc-captain 2 mumakil 8 giant spiders 2 scorpions 2 horses an ice vortex 2 vampire bats 3 gnome kings an orc mummy a dwarf mummy 4 brown puddings 6 owlbears 3 yetis 4 lizards 5 chickatrices 3 dingos 3 housecats 4 jaguars 2 dwarf lords 5 blue jellies a water nymph 2 white unicorns 4 dust vortices 2 ravens 2 plains centaurs 7 gnome mummies 2 snakes 5 apes 12 human zombies 5 rope golems a Woodland-elf 5 soldier ants a fire ant 3 bugbears an imp 3 wood nymphs 11 Mordor orcs 8 Uruk-hai 3 rock piercers a rock mole a pony a fog cloud 3 yellow lights 4 shriekers 4 violet fungi 19 gnome lords 7 gnomish wizards 2 kobold mummies a red naga hatchling a guardian naga hatchling 4 gray oozes 2 barrow wights 5 elf zombies 4 ghouls 2 straw golems 3 paper golems a jellyfish a baby crocodile 13 giant ants 3 little dogs 12 floating eyes 5 kittens 24 dwarves 6 kobold lords 9 hill orcs 7 rothes 4 rabid rats 6 centipedes 3 giant bats 2 monkeys 10 orc zombies 6 dwarf zombies 3 wererats 10 iguanas 56 killer bees 31 acid blobs 5 coyotes 4 gas spores 7 hobbits 4 large kobolds 5 hobgoblins 9 giant rats 8 cave spiders 2 brown molds 3 yellow molds a green mold 4 red molds 61 gnomes 22 garter snakes 21 manes 3 gnome zombies 7 geckos 11 jackals 2 foxen 3 kobolds 6 goblins 11 sewer rats 11 grid bugs a bat 7 lichens 6 kobold zombies 9 newts 845 creatures vanquished. Genocided species: liches demiliches master liches arch-liches 4 species genocided. Voluntary challenges: You used a wielded weapon 1299 times, starting on turn 7. You read items or engraved 33 times, starting on turn 4294. You genocided 4 types of monsters, starting on turn 25747. You never polymorphed an object. You never changed form. You completed Sokoban on turn 7315, according to the rules. You used no wishes. You never split a pudding. You wrote Elbereth's name 19 times, starting on turn 4294. You violated your moral code, losing 3 points of alignment, starting on turn 22813. Dungeon overview: The Dungeons of Doom: levels 1 to 29 Level 1 a long staircase Level 2 an altar to Mog, a fountain Level 3 Level 4 a sink stairs to The Gnomish Mines Level 5 (stash) an altar to Kos Level 6 Level 7 an armor shop, a sink Level 8 a potion shop, some fountains Level 9 many fountains Level 10 stairs to Sokoban Level 11 some fountains Level 12 a fountain Level 13 (bought 4 pts) a temple to Kos Level 14 a fountain Level 15 Level 16 an altar to Kos, a fountain portal to The Quest Level 17 a potion shop Level 18 some fountains Level 19 a fountain, a throne Level 20 Level 21 an altar to Mog Level 22 (bought 4 pts) a temple to Issek, a sink Level 23 Level 24 (medusa (titan)) Level 25 Level 26 Level 27 <- You were here Level 28 Level 29 The Gnomish Mines: levels 5 to 13 Level 5 stairs to The Dungeons of Doom Level 6 Level 7 many shops, a temple to Mog, some fountains Level 8 Level 9 Level 10 Level 11 Level 12 Level 13 some fountains The Quest: Level 1 portal to The Dungeons of Doom Sokoban: levels 6 to 9 Level 6 Level 7 Level 8 Level 9 stairs to The Dungeons of Doom History has recorded: On T:1 you entered the Dungeons of Doom to retrieve the Amulet of Yendor! On T:261 you reached level 2 of The Dungeons of Doom. On T:541 you reached level 3 of The Dungeons of Doom. On T:829 you advanced to experience level 2. On T:848 you reached level 4 of The Dungeons of Doom. On T:1118 you reached level 1 of The Gnomish Mines. On T:1170 you advanced to experience level 3. On T:1187 you reached level 2 of The Gnomish Mines. On T:1216 you advanced to experience level 4. On T:1731 you advanced to experience level 5. On T:2609 you reached level 5 of The Dungeons of Doom. On T:2836 you reached level 6 of The Dungeons of Doom. On T:3020 you advanced to experience level 6. On T:3307 you reached level 7 of The Dungeons of Doom. On T:3609 you reached level 8 of The Dungeons of Doom. On T:3953 you reached level 9 of The Dungeons of Doom. On T:4033 you reached level 10 of The Dungeons of Doom. On T:4090 you reached level 11 of The Dungeons of Doom. On T:4311 you reached level 4 of Sokoban. On T:4671 you reached level 3 of Sokoban. On T:5162 you reached level 2 of Sokoban. On T:6136 you reached level 1 of Sokoban. On T:7287 you advanced to experience level 7. On T:7315 you entered the Sokoban zoo. On T:8331 you advanced to experience level 8. On T:9256 you reached level 3 of The Gnomish Mines. On T:10393 you reached level 4 of The Gnomish Mines. On T:11705 you reached level 12 of The Dungeons of Doom. On T:11856 you advanced to experience level 9. On T:11970 you reached level 13 of The Dungeons of Doom. On T:12351 you reached level 14 of The Dungeons of Doom. On T:12784 you reached level 15 of The Dungeons of Doom. On T:12934 you reached level 16 of The Dungeons of Doom. On T:13159 you reached level 1 of The Quest. On T:13208 you reached level 17 of The Dungeons of Doom. On T:13277 you advanced to experience level 10. On T:13313 you reached level 18 of The Dungeons of Doom. On T:14015 you reached level 19 of The Dungeons of Doom. On T:14197 you reached level 20 of The Dungeons of Doom. On T:14315 you reached level 21 of The Dungeons of Doom. On T:14452 you reached level 22 of The Dungeons of Doom. On T:14604 you reached level 23 of The Dungeons of Doom. On T:15214 you reached level 24 of The Dungeons of Doom. On T:15951 you advanced to experience level 12. On T:15993 you killed Medusa on level 24 of The Dungeons of Doom. On T:16016 you reached level 25 of The Dungeons of Doom. On T:17183 you reached level 5 of The Gnomish Mines. On T:17444 you reached level 6 of The Gnomish Mines. On T:17573 you reached level 7 of The Gnomish Mines. On T:17856 you reached level 8 of The Gnomish Mines. On T:18305 you reached level 9 of The Gnomish Mines. On T:22382 you reached level 26 of The Dungeons of Doom. On T:22500 you reached level 27 of The Dungeons of Doom. On T:22510 you reached The Castle. On T:22512 you reached level 28 of The Dungeons of Doom. On T:25532 you received Stormbringer from Kos. On T:25921 you advanced to experience level 13. Score breakdown: Gold: 1293 ( 129 points) Experience: 13 levels ( 1200 points) Exploration: 29 levels ( 840 points) Discoveries: 86 items ( 2000 points) Variety of kills: 181 monsters ( 2000 points) Major goal: finished Sokoban ( 1000 points) Survival: died (score multiplied by 3) Total score: 21507 Latest messages: You put a white gem into the bag of holding. You put 3 black gems into the bag of holding. You put a yellow gem into the bag of holding. The black blade draws the life from the minotaur! The minotaur hits! (2x) You die... The sack is empty. The sack is empty. Final status: Goodbye daggerhack the Rogue, killed by a minotaur... You died in The Dungeons of Doom on dungeon level 27 with 21507 points, and 1293 pieces of gold, after 26646 moves. You were level 13 with a maximum of 93 hit points when you died.